Map: Blackpink LE

Players

Nationwide

  • Race: Zerg Zerg
  • League: Silver
  • Spawn Location: 1:00

Indy - Winner!

  • Race: Protoss Protoss
  • League: Master
  • Spawn Location: 7:00

VOD

Have the link to the VOD?

Description

Time

  • Played on: Nov. 24, 2017, 6:20 p.m.
  • Length: 7:32
Show
View Real Time Build Order
Export as new Build Order

Nationwide Zerg 

Build Orders: Pool First 

Get SALT Encoding   

  12  0:02  Drone  
  13  0:08  Drone  
  14  0:17  Overlord  
  14  0:36  Spawning Pool  
  13  0:43  Drone x2  
  15  0:54  Overlord  
  15  1:01  Drone  
  16  1:23  Zergling x4  
  18  1:30  Queen  
  20  1:39  Drone  
  21  1:46  Hatchery  
  20  1:56  Drone x2  
  20  2:00  Extractor  
  21  2:02  Extractor, Drone  
  21  2:30  Drone x2  
  21  2:33  Queen  
  24  2:38  Zergling x2  
  24  2:44  Zergling x4  
  24  2:45  Zergling x2  
  14  3:01  Zergling x4  
Show
View Real Time Build Order
Export as new Build Order

Indy Protoss - Winner!

Build Orders:  

Get SALT Encoding   

  12  0:00  Probe (Chrono Boost)  
  13  0:12  Probe (Chrono Boost)  
  15  0:22  Probe (Chrono Boost)  
  15  0:39  Pylon  
  15  0:57  Gateway  
  15  0:59  Gateway  
  15  1:00  Gateway  
  15  1:08  Gateway  
  15  1:17  Pylon  
  15  1:44  Zealot (Chrono Boost)  
  21  1:55  Zealot x2 (Chrono Boost)  
  21  1:57  Pylon  
  23  2:01  Zealot (Chrono Boost)  
  23  2:05  Zealot (Chrono Boost)  
  27  2:17  Zealot x2 (Chrono Boost)  
  29  2:25  Zealot  
  31  2:32  Zealot  
  33  2:42  Zealot  
  35  2:56  Zealot x2  
Tags
 
Matchup
PvZ
Opening
Pool First
Spawn Locations
Cross Positions
Add a new tag
Caveats
  • Supply blocks, unpowered buildings, or Contaminate may cause inaccurate times.
  • Supply counts are checked every 10 seconds.